 Dungeon Crawl Stone Soup version 0.26-a0-490-gf8362a0c98 (webtiles) character file.

Game seed: 13376579880722453520

373 Apogee the Chopper (level 6, -2/56 HPs)
             Began as a Hill Orc Abyssal Knight on Aug 4, 2020.
             Was a Follower of Lugonu.
             Killed by divine providence
             ... invoked by an orc priest
              (15 damage)
             ... on level 4 of the Dungeon.
             The game lasted 00:04:06 (2943 turns).

Apogee the Chopper (Hill Orc Abyssal Knight)        Turns: 2943, Time: 00:04:07

Health: -2/56      AC:  7    Str: 17    XL:     6   Next: 71%
Magic:  7/7        EV: 10    Int: 12    God:    Lugonu [*.....]
Gold:   140        SH:  4    Dex: 10    Spells: 5/5 levels left

rFire    . . .     SeeInvis .   a - +1 hand axe
rCold    . . .     Faith    .   c - +0 buckler
rNeg     . . .     Spirit   .   w - +0 ring mail
rPois    .         Reflect  .   (no helmet)
rElec    .         Harm     .   (no cloak)
rCorr    .                      v - +0 pair of gloves
MR       .....                  (no boots)
Stlth    ..........             e - amulet of regeneration (curse)
HPRegen  0.58/turn              (no ring)
MPRegen  0.10/turn              (no ring)

@: no status effects
A: no striking features
a: Depart the Abyss, Renounce Religion, Convert to Beogh


You were on level 4 of the Dungeon.
You worshipped Lugonu.
Lugonu was aware of your devotion.
You visited 1 branch of the dungeon, and saw 4 of its levels.
You visited the Abyss 1 time.

You collected 245 gold pieces.
You spent 105 gold pieces at shops.

Inventory:

Hand Weapons
 a - a +1 hand axe (weapon)
Missiles
 m - 145 stones (quivered)
Armour
 b - a +0 leather armour
 c - a +0 buckler (worn)
 h - a scarf of invisibility
 v - a +0 pair of gloves (worn)
 w - a +0 ring mail (worn)
Jewellery
 e - a cursed amulet of regeneration (around neck)
 i - a cursed amulet of inaccuracy {unknown}
 j - a +4 ring of protection {unknown}
 l - a cursed ring of attention {unknown}
 x - an uncursed ring of resist corrosion {unknown}
Scrolls
 g - 2 scrolls of teleportation
 k - 3 scrolls of remove curse
 o - a scroll of enchant armour {unknown}
 p - a scroll of fog {unknown}
 r - a scroll of noise {unknown}
 s - a scroll of identify
 t - a scroll of amnesia {unknown}
 y - a scroll of blinking
 z - 3 scrolls of enchant weapon {unknown}
Potions
 d - 2 potions of resistance {unknown}
 f - a potion of degeneration {unknown}
 n - a potion of invisibility {unknown}
 q - 3 potions of curing {unknown}
 u - a potion of might {unknown}


   Skills:
 + Level 5.0 Fighting
 * Level 6.1 Axes
 + Level 3.9 Armour
 - Level 0.7 Dodging
 + Level 2.9 Shields
 - Level 2.4 Invocations


You had 5 spell levels left.
You didn't know any spells.
Your spell library was empty.

Dungeon Overview and Level Annotations

Branches:
Dungeon (4/15)
 Temple: D:4-7

Altars:
Dithmenos
Gozag
Okawaru

Shops:
D:4 ?


Message History

You block the orc priest's attack.
You hit the orc priest but do no damage.
The orc priest is severely wounded.
You closely miss the orc. The orc hits you with a +0 hand axe.
The orc priest hits you with a +0 club.
You hit the orc priest.
The orc priest is almost dead.
The orc priest shouts, "Beogh is our master!
Accept the truth or die!"
You hit the orc but do no damage. The orc hits you with a +0 hand axe.
The orc priest calls down the wrath of Beogh upon you.
Beogh smites you!
* * * LOW HITPOINT WARNING * * *
You barely miss the orc priest.
The orc priest is almost dead.
You closely miss the orc priest. You closely miss the orc.
The orc hits you but does no damage.
The orc priest hits you but does no damage.
The orc priest calls down the wrath of Beogh upon you.
Beogh smites you!
You die...

.# #.....##.##.......# .#
#.....##.####...###
.####.....##.# #...#
..........##.# #...#
###.##.......# #...#
.##.####..#######<..######
.......#..................
<.#.##...........o........
.##.####........@o........
...[.....########o..######
#.######.# #...# #.## #.#
#...# #..# #.# #...#
##.### #.# ###...###
.....# #.# #.......#
.#.### #.# #.#...#.#
.._..###.# ###.......#


You could see 2 orc priests and an orc.

Vanquished Creatures
  Sigmund (D:2)
  A phantom (D:4)
  Jessica (D:3)
  4 adders
  3 worms
  2 leopard geckos
  2 orcs (D:4)
  A giant cockroach (D:3)
  6 goblins
  9 hobgoblins
  6 jackals
  A ball python (D:4)
  8 bats
  4 frilled lizards
  4 kobolds
  7 rats
60 creatures vanquished.

Notes
Turn   | Place    | Note
-------+----------+-------------------------------------------
     0 | Abyss:1  | Apogee the Hill Orc Abyssal Knight began the quest for the
                  | Orb.
     0 | Abyss:1  | Reached XP level 1. HP: 19/19 MP: 2/2
    69 | Abyss:1  | Noticed a small abomination
    79 | Abyss:1  | Noticed a small abomination
    81 | D:1      | Escaped the Abyss
   272 | D:1      | Reached skill level 3 in Axes
   282 | D:1      | Reached XP level 2. HP: 27/27 MP: 3/3
   649 | D:1      | Reached * piety under Lugonu
  1019 | D:2      | Reached skill level 1 in Shields
  1019 | D:2      | Reached XP level 3. HP: 24/33 MP: 4/4
  1185 | D:2      | Reached skill level 4 in Axes
  1250 | D:2      | Found an iron altar of Okawaru.
  1293 | D:2      | Reached XP level 4. HP: 30/40 MP: 5/5
  1543 | D:2      | Noticed Sigmund
  1555 | D:2      | Killed Sigmund
  1555 | D:2      | Reached skill level 5 in Axes
  1555 | D:2      | Reached XP level 5. HP: 47/47 MP: 6/6
  1555 | D:2      | Reached XP level 6. HP: 53/53 MP: 7/7
  1803 | D:3      | Noticed Jessica
  1814 | D:3      | Killed Jessica
  2473 | D:3      | Found a shadowy altar of Dithmenos.
  2693 | D:4      | Found an opulent altar of Gozag.
  2765 | D:4      | Found Jiuhix's Magic Scroll Emporium.
  2770 | D:4      | Bought a scroll of blinking for 105 gold pieces
  2854 | D:4      | Noticed a phantom
  2885 | D:4      | Killed a phantom
  2885 | D:4      | Reached skill level 5 in Fighting
  2885 | D:4      | Reached skill level 6 in Axes
  2943 | D:4      | Killed from afar by an orc priest

Illustrated notes

Levels and vault maps discovered:
D:1:      eino_arrival_tree_alley, layout_basic
D:2:      layout_basic, lemuel_altar_in_water, uniq_sigmund
D:3:      layout_basic, grunt_dithmenos_smoke_and_mirrors, uniq_jessica
D:4:      layout_loops_cross, serial_shops, kennysheep_little_box,
          nicolae_gozag_cash_rules_everything_around_me

Skill      XL: |  1  2  3  4  5  6 |
---------------+-------------------+-----
Axes           | 3 4 5 6 |  6.1
Shields        | 1 2 |  2.9
Fighting       | 4 5 |  5.0
Armour         | 3 |  3.9
Dodging        | |  0.7
Invocations    | |  2.4

Action                   |  1- 3 |  4- 6 || total
-------------------------+-------+-------++-------
Melee: Hand axe          |   111 |   105 ||   216
Invok: Depart the Abyss  |     1 |       ||     1
  Use: Scroll            |       |     3 ||     3
Armor: Leather armour    |    39 |    11 ||    50
       Ring mail         |       |    12 ||    12
Dodge: Dodged            |    65 |    38 ||   103
Block: Buckler           |    14 |    25 ||    39

Table legend: (Time is in decaauts)
 A = Elapsed time spent in this place.
 B = Non-inter-level travel time spent in this place.
 C = Inter-level travel time spent in this place.
 D = Time resting spent in this place.
 E = Time spent auto-exploring this place.
 F = Levels seen in this place.
 G = Mean time per level.
                   A        B        C        D        E       F      G
               +--------+--------+--------+--------+--------+-----+--------+
         Total |   2971 |   2642 |    329 |     18 |   2130 |   5 |  594.2 |
       Dungeon |   2890 |   2561 |    329 |     18 |   2061 |   4 |  722.5 |
         Abyss |     81 |     81 |      0 |      0 |     69 |   1 |   81.0 |
               +--------+--------+--------+--------+--------+-----+--------+

Top non-repeatable levels by time:
     D:1: 977 daAuts
     D:2: 906 daAuts
     D:3: 710 daAuts
     D:4: 296 daAuts
 Abyss:1: 81 daAuts
